AoeStats
← TheHornyDonkey

Nomad

509598675Analyzed
2v2 RM · 6d ago on Sep 27, 2026· 65m 36s· 4 players
Game mode
Random Map
Map size
176×176
Population
200
Speed
Normal
Resources
Standard
Victory
Conquest
Starting age
Dark Age
Ending age
Imperial Age
RankedLock teamsTeams togetherTeam positionsShared explorationLock speedFull tech treeHidden civsTurbo modeCheats
Victory
Defeat
🇹🇷 Mongols · Türkiye
926
+14
870
+15
🇬🇧 Dravidians · United Kingdom
878
-15
🇫🇷 Italians · France
860
-14
Zbar
3:58 Loom
15:09 Feudal Age
16:07 Town Watch
25:59 Castle Age
24:16 Scale Mail Armor
24:27 Forging
24:01 Horse Collar
24:13 Stone Mining
24:16 Gold Mining
26:01 Pikeman
27:34 Medium Warships
27:34 Squires
33:28 Fishing Lines
35:21 Wheelbarrow
35:00 Double-Bit Axe
35:56 Padded Archer Armor
38:45 Ballistics
38:21 Murder Holes
42:06 Imperial Age
41:50 Thumb Ring
43:16 Iron Casting
42:58 Leather Archer Armor
42:58 Chain Mail Armor
42:10 Elite Skirmisher
44:06 Conscription
44:43 Treadmill Crane
46:12 Chemistry
47:01 Ring Archer Armor
47:31 Blast Furnace
51:29 Hand Cart
53:18 Fletching
53:33 Town Patrol
58:16 Bow Saw
TheHornyDonkey
7:03 Loom
14:48 Feudal Age
15:50 Fishing Lines
15:43 Man-at-Arms
16:51 Double-Bit Axe
16:48 Horse Collar
18:35 Forging
24:58 Castle Age
23:21 Gold Mining
24:01 Scale Mail Armor
24:14 Arson
25:37 Town Watch
26:29 Wheelbarrow
26:46 Fletching
29:05 Iron Casting
29:18 Heavy Plow
30:36 Gambesons
30:56 Squires
32:31 Hand Cart
32:41 Long Swordsman
36:00 Imperial Age
34:45 Bow Saw
34:52 Chain Mail Armor
36:09 Ballistics
38:02 Blast Furnace
37:00 Two-Handed Swordsman
37:53 Stone Mining
38:42 Plate Mail Armor
41:54 Thumb Ring
41:12 Elite Skirmisher
42:08 Padded Archer Armor
42:04 Bodkin Arrow
45:59 Leather Archer Armor
45:45 Bracer
46:03 Medical Corps
46:25 Elite Elephant Archer
47:45 Guilds
48:03 Husbandry
49:47 Elite Skirmisher
51:10 Ring Archer Armor
52:58 Conscription
Bombacı Mülayim
13:50 Loom
15:36 Feudal Age
16:28 Horse Collar
16:35 Double-Bit Axe
16:39 Fishing Lines
21:20 Castle Age
20:10 Forging
20:06 Scale Barding Armor
19:52 Fletching
20:03 Padded Archer Armor
21:32 Bloodlines
21:51 Stone Mining
23:42 Bow Saw
23:54 Leather Archer Armor
23:35 Gold Mining
24:28 Thumb Ring
24:25 Bodkin Arrow
25:32 Husbandry
26:13 Iron Casting
26:56 Chain Barding Armor
25:59 Light Cavalry
28:16 Town Watch
29:30 Wheelbarrow
29:00 Heavy Plow
31:37 Ballistics
33:44 Masonry
34:58 Hand Cart
40:57 Imperial Age
42:28 Conscription
43:36 Chemistry
43:26 Parthian Tactics
43:38 Bracer
46:39 Blast Furnace
52:10 Siege Engineers
57:59 Hussar
笨手笨脚还爱玩
6:02 Loom
14:05 Feudal Age
16:25 Double-Bit Axe
22:20 Castle Age
22:05 Bloodlines
22:15 Fishing Lines
22:24 Fishing Lines
25:43 Bow Saw
30:54 Wheelbarrow
30:33 Gillnets
34:02 Fletching
34:41 Ballistics
35:00 Elite Skirmisher
36:01 Murder Holes
38:38 Hand Cart
44:22 Horse Collar
44:56 Scale Barding Armor
48:12 Imperial Age
46:07 Forging
48:23 Masonry
51:07 Conscription
51:23 Architecture
53:21 Chemistry
54:21 Husbandry
54:46 Chain Barding Armor
55:33 Padded Archer Armor
55:56 Light Cavalry
57:51 Cavalier
58:49 Horse Collar
59:54 Bodkin Arrow
60:14 Leather Archer Armor
62:47 Plate Barding Armor
62:39 Heavy Plow
66:59 Two-Man Saw
66:02 Bracer
66:18 Leather Archer Armor
Connection lost

Rejoining the realm…

Still unreachable

The connection could not be restored.

Session expired

The server has moved on; the page needs a fresh start.